cohdb
Replays
Latest Replays
All Replays
Popular Replays
Top Player Replays
Match Explorer
How It Works
Community
CoH3 Stats
Reddit
Sign in to upload your games and track your stats! →
Sign in with Steam
Match 38269514
Unlisted
Match 38269514
Overview
Messages
Build Orders
End
Engineer Squad
Selects Airborne Battlegroup
Selects Airborne Battlegroup
Selects Heavy Machine Gun Paradrop
Heavy Machine Gun Paradrop
Engineer Squad
Heavy Machine Gun Paradrop
Construct Medical Station
Construct Weapon Support Center
Selects Paratrooper Squad Paradrop
Air Support Center
Grasshopper Recon Run
P-47 Dive Bomb
Paratrooper Squad Paradrop
.30 cal Machine Gun
Grasshopper Recon Run
Paratrooper Squad Paradrop
Construct Tank Depot
Selects Anti-tank Gun Team Paradrop
P-47 Strafing Run
Grasshopper Recon Run
Selects Recon Loiter
P-47 Strafing Run
Grasshopper Recon Run
M4A1 Sherman Medium Tank
P-47 Dive Bomb
Selects Supply Drop
Supply Drop
Grasshopper Recon Run
P-47 Strafing Run
P-47 Dive Bomb
Supply Drop
P-47 Strafing Run
Grasshopper Recon Run
P-47 Dive Bomb
M4A1 Sherman Medium Tank
Supply Drop
P-47 Strafing Run
P-47 Dive Bomb
Grasshopper Recon Run
P-47 Strafing Run
Supply Drop
Recon Loiter
Selects Carpet Bombing Run
P-47 Dive Bomb
Double Sortie
Grasshopper Recon Run
P-47 Strafing Run
M4A1 Sherman Medium Tank
P-47 Dive Bomb
Supply Drop
Recon Loiter
Grasshopper Recon Run
P-47 Strafing Run
Martinez
bobik
Alfonso
KevinTDW
0
0
Comments
sign in to comment!
No comments posted yet!